Map: Lerilak Crest

Players

LilDicky

  • Race: Terran Terran
  • League: Diamond

Vult - Winner!

  • Race: Zerg Zerg
  • League: Diamond

VOD

http://www.twitch.tv/tumescentpie

Description

Time

  • Played on: Nov. 25, 2015, 11:14 p.m.
  • Length: 5:02
Show
View Real Time Build Order
Export as new Build Order

LilDicky Terran 

Build Orders:  

Get SALT Encoding   

  12  0:01  SCV  
  13  0:13  SCV  
  14  0:19  Supply Depot  
  14  0:25  SCV  
  15  0:34  Refinery  
  15  0:40  SCV  
  16  0:45  Barracks  
  16  0:52  SCV  
  17  1:04  SCV  
  18  1:16  SCV  
  19  1:29  SCV  
  20  1:33  Reaper  
  21  1:41  Command Center  
  21  1:49  Orbital Command  
  21  1:55  Refinery  
  21  2:06  Supply Depot  
  21  2:07  Reaper  
  22  2:16  SCV  
  22  2:33  SCV  
  22  2:34  Factory  
  23  2:53  SCV  
  23  2:54  Orbital Command  
  23  2:57  Barracks Reactor  
  24  3:05  SCV  
  26  3:20  SCV x2, Starport  
  26  3:25  Barracks  
  26  3:26  Barracks  
  27  3:32  SCV  
  27  3:53  SCV, Hellion x2  
  33  3:56  Barracks Reactor  
  32  4:14  Hellion  
  32  4:15  Hellion  
  36  4:25  Barracks Tech Lab x2  
  36  4:36  Bunker  
  30  4:40  Bunker  
Show
View Real Time Build Order
Export as new Build Order

Vult Zerg - Winner!

Build Orders: Pool First 

Get SALT Encoding   

  12  0:01  Drone  
  13  0:08  Drone  
  14  0:16  Overlord  
  14  0:23  Extractor  
  14  0:24  Drone  
  15  0:34  Drone  
  16  0:36  Drone  
  17  0:46  Spawning Pool  
  16  1:07  Hatchery  
  15  1:11  Extractor  
  15  1:18  Drone  
  15  1:19  Drone  
  15  1:21  Drone  
  17  1:33  Queen  
  17  1:35  Zergling x2  
  20  1:43  Overlord  
  20  1:53  Drone  
  21  2:02  Zergling x2  
  22  2:09  Queen  
  22  2:12  Metabolic Boost  
  24  2:19  Queen  
  26  2:38  Drone x3  
  26  2:40  Zergling x4  
  30  3:00  Zergling x4  
  30  3:01  Zergling x2  
  33  3:06  Roach Warren  
  32  3:25  Drone  
  32  3:26  Drone x2  
  35  3:28  Drone  
  35  3:29  Overlord x2  
  36  3:50  Roach  
  36  3:51  Roach x5  
  48  3:59  Drone x4  
  52  4:23  Overlord  
  49  4:58  Hatchery  
Tags
 
Add a new tag
Caveats
  • Supply blocks, unpowered buildings, or Contaminate may cause inaccurate times.
  • Supply counts are checked every 10 seconds.